 Dungeon Crawl Stone Soup version 0.19-a0-1111-gcceb26a (webtiles) character file.

1081 mkbehr the Gusty (level 8, -2/41 HPs)
             Began as a Tengu Air Elementalist on Aug 11, 2016.
             Was an Initiate of Vehumet.
             Shot with an arrow by a centaur (3 damage)
             ... on level 6 of the Dungeon.
             The game lasted 00:17:07 (6754 turns).

mkbehr the Gusty (Tengu Air Elementalist)           Turns: 6754, Time: 00:17:08

Health: -2/41      AC:  7    Str:  9    XL:     8   Next: 29%
Magic:  4/25       EV: 15    Int: 18    God:    Vehumet [......]
Gold:   268        SH:  0    Dex: 14    Spells: 4 memorised, 5 levels left

rFire  . . .     SeeInvis .     a - +0 falchion
rCold  . . .     Gourm    .     F - +3 leather armour "Emop Guamu" {rElec rPois MP+9}
rNeg   . . .     Faith    .     (no shield)
rPois  +         Spirit   .     (helmet restricted)
rElec  +         Dismiss  +     I - +0 cloak
rCorr  .         Reflect  .     (no gloves)
SustAt .         Harm     .     (boots unavailable)
MR     +....                    n - amulet of dismissal
Stlth  ++........               t - ring of wizardry
                                s - ring of protection from magic

@: flying quickly and evasively, quick
A: beak, talons 3, able to fly 1
a: Renounce Religion


You were on level 6 of the Dungeon.
You worshipped Vehumet.
Vehumet was noncommittal.
You were hungry.

You visited 2 branches of the dungeon, and saw 7 of its levels.

You collected 268 gold pieces.

Inventory:

Hand Weapons
 a - a +0 falchion (weapon)
 x - a +1 dagger
Missiles
 d - 38 poisoned needles
Armour
 g - a +0 robe
 F - the +3 leather armour "Emop Guamu" (worn) {rElec rPois MP+9}
   (You found it on level 4 of the Dungeon)

   It insulates you from electricity.
   It protects you from poison.
   It affects your magic capacity (+9).
 H - a +0 shield
 I - a +0 cloak (worn)
Jewellery
 n - an amulet of dismissal (around neck)
 s - a ring of protection from magic (left hand)
 t - a ring of wizardry (right hand)
 E - a +2 ring of slaying
Wands
 i - a wand of flame (12/48)
Scrolls
 f - 2 scrolls of blinking
 j - a scroll of teleportation
 m - a scroll of random uselessness
 o - 2 scrolls of remove curse
 r - a scroll of amnesia
 u - a scroll of identify
 y - a scroll of enchant weapon
Potions
 e - a potion of might {unknown}
 h - 2 potions of invisibility
 l - 2 potions of curing {unknown}
 p - a potion of mutation {unknown}
 q - 3 potions of lignification
 v - 3 potions of heal wounds
 A - 2 potions of ambrosia {unknown}
 B - a potion of magic {unknown}
 C - a potion of degeneration {unknown}
 G - 2 potions of flight {unknown}
Books
 b - a book of Air

   Spells                             Type                      Level
   a - Shock                          Conjuration/Air              1
   b - Swiftness                      Charms/Air                   2
   c - Repel Missiles                 Charms/Air                   2
   d - Static Discharge               Conjuration/Air              3
   e - Lightning Bolt                 Conjuration/Air              5
 w - a book of Frost

   Spells                             Type                      Level
   a - Freeze                         Ice                          1
   b - Throw Frost                    Conjuration/Ice              2
   c - Ozocubu's Armour               Charms/Ice                   3
   d - Throw Icicle                   Conjuration/Ice              4
   e - Summon Ice Beast               Ice/Summoning                4
Comestibles
 c - 3 bread rations
 k - 2 meat rations
 z - a slice of pizza
 D - a fruit
 J - 4 chunks of flesh


   Skills:
 + Level 0.9 Short Blades
 - Level 1.0 Armour
 - Level 3.4 Dodging
 - Level 2.0 Stealth
 + Level 0.4 Shields
 + Level 4.7 Spellcasting
 + Level 7.2 Conjurations
 + Level 7.9 Air Magic


You had 5 spell levels left.
You knew the following spells:

 Your Spells              Type           Power        Failure   Level  Hunger
a - Shock                 Conj/Air       ####         1%          1    None
b - Repel Missiles        Chrm/Air       ###...       3%          2    #......
c - Static Discharge      Conj/Air       ####....     1%          3    ###....
d - Lightning Bolt        Conj/Air       ####......   10%         5    ######.


Dungeon Overview and Level Annotations

Branches:
Dungeon (6/15)             Temple (1/1) D:6

Altars:
Ashenzari
Cheibriados
Dithmenos
Elyvilon
Fedhas
Hepliaklqana
Kikubaaqudgha
Makhleb
Nemelex Xobeh
Pakellas
Qazlal
Ru
Sif Muna
Trog
Uskayaw
Vehumet
Xom
Yredelemnul
Zin
The Shining One


Innate Abilities, Weirdness & Mutations

You have a beak for a mouth.
You have claws for feet.
You can fly.


Message History

The centaur shoots an arrow.
The arrow hits you!
* * * LOW HITPOINT WARNING * * *
Your amulet of dismissal vibrates suddenly!
The centaur disappears!
You see here an arrow.
Huge Dmg: -27%(-11hp) hp: 10%(4hp) Unknown command.
Casting: Lightning Bolt
Confirm with . or Enter, or press ? or * to list all spells.
You can't see any susceptible monsters within range! (Use Z to cast anyway.)
Items here: ( ) [ รท 7 arrows; an enchanted dagger; a robe; an orc skeleton You start resting.
You see here an arrow.
You swoop lightly up into the air.
You feel very comfortable in the air.
You are feeling hungry.
The centaur shoots an arrow.
The arrow hits you.
* * * LOW HITPOINT WARNING * * *
The centaur shoots an arrow.
The arrow hits you.
You die...

#......## ##..... ###
#......# ####.. ...
#......# #..# ....
#(##.### ###.## .....
##..<..######...##
...##.......##....####
.........((.#.#####..
###.........(.###....
#(@................
#(............#....
###...)..............
#....)[..............
##..#..................
#..##..................
#.#...........#........
...#.#.c.......###.#####
.)...#.........##.. ###


You could see a centaur.

Vanquished Creatures
  An ice beast (D:6)
  A necrophage (D:6)
  A phantom (D:4)
  An ogre (D:5)
  A centaur (D:6)
  A wyvern zombie (D:6)
  A scorpion (D:4)
  A centaur zombie (D:6)
  A crimson imp (D:5)
  A quasit (D:6)
  2 hounds
  A giant frog skeleton (D:5)
  An iguana (D:4)
  2 orc wizards
  5 worker ants
  A howler monkey skeleton (D:5)
  5 adders
  A shadow imp (D:5)
  An ooze (D:1)
  An adder skeleton (D:5)
  An adder zombie (D:6)
  2 worms
  2 dart slugs (D:2)
  5 giant geckos
  6 orcs
  7 giant cockroaches
  13 goblins
  6 hobgoblins
  3 jackals (D:5)
  3 kobolds
  A quokka (D:6)
  8 bats
  A giant gecko skeleton (D:4)
  3 giant newts
  8 rats
99 creatures vanquished.

Notes
Turn   | Place    | Note
-------+----------+-------------------------------------------
     0 | D:1      | mkbehr the Tengu Air Elementalist began the quest for the Orb.
     0 | D:1      | Reached XP level 1. HP: 10/10 MP: 4/4
    74 | D:1      | Reached XP level 2. HP: 15/15 MP: 0/6
   515 | D:1      | Learned a level 2 spell: Repel Missiles
  1169 | D:2      | Reached XP level 3. HP: 19/19 MP: 2/7
  1357 | D:2      | Reached skill level 5 in Air Magic
  1631 | D:2      | Learned a level 3 spell: Static Discharge
  1882 | D:2      | Reached XP level 4. HP: 24/24 MP: 4/8
  2374 | D:3      | Found an ancient bone altar of Kikubaaqudgha.
  2456 | D:3      | You fall through a shaft!
  2747 | D:3      | Found a shattered altar of Ashenzari.
  3384 | D:4      | Gained mutation: You can fly. [Tengu growth]
  3384 | D:4      | Reached XP level 5. HP: 28/28 MP: 0/9
  3501 | D:4      | Found a shadowy altar of Dithmenos.
  3912 | D:4      | Noticed a phantom
  4041 | D:4      | Reached skill level 5 in Conjurations
  4041 | D:4      | Reached XP level 6. HP: 32/32 MP: 4/11
  4144 | D:4      | Got a distressingly furry leather armour
  4155 | D:4      | Identified the +3 leather armour "Emop Guamu" {rElec rPois MP+9} (You found it on level 4 of the Dungeon)
  4236 | D:4      | Killed a phantom
  4343 | D:4      | Found a glowing silver altar of Zin.
  4399 | D:4      | Huge Dmg: 12 dmg
  4677 | D:5      | Entered Level 5 of the Dungeon
  4812 | D:5      | Found a bloodstained altar of Trog.
  4842 | D:5      | Reached XP level 7. HP: 36/36 MP: 13/13
  4852 | D:5      | Learned a level 5 spell: Lightning Bolt
  4981 | D:5      | Found a white marble altar of Elyvilon.
  4983 | D:5      | Found a sparkling altar of Nemelex Xobeh.
  5430 | D:5      | Reached skill level 1 in Armour
  6024 | D:6      | Huge Dmg: 6 dmg
  6140 | D:6      | Reached XP level 8. HP: 31/41 MP: 8/15
  6302 | D:6      | Found a staircase to the Ecumenical Temple.
  6313 | Temple   | Entered the Ecumenical Temple
  6332 | Temple   | Became a worshipper of Vehumet
  6483 | D:6      | Huge Dmg: 8 dmg
  6739 | D:6      | Huge Dmg: 8 dmg
  6744 | D:6      | Huge Dmg: 9 dmg
  6745 | D:6      | Huge Dmg: 11 dmg
  6754 | D:6      | HP: 1/41 [centaur/arrow (4)]
  6754 | D:6      | Shot with an arrow by a centaur

Vault maps used:
D:1:      erik_arrival_cave_to_civilisation, hangedman_abyss_or_decor_stabs
D:2:      kennysheep_the_goblin_king, hangedman_decor_push
D:3:      lemuel_round_altar, marbit_many_paths, serial_co_window_serial,
          co_window_paths_b, co_window_corner_a, co_window_of_opportunity_a,
          co_window_paths_a, co_window_cross_1, co_window_of_opportunity_c,
          co_window_2corner, co_window_unsneaky_path_b,
          co_window_unsneaky_path_b, co_window_broadway_b, co_window_2corner,
          glass_columns_c, glass_columns_b, glass_columns_a
D:4:      grunt_dithmenos_smoke_and_mirrors, kennysheep_mini, first_bread
D:5:      nicolae_overflow_hidden_temple, basic_altar
Temple:   zaba_magenta_temple

Skill      XL: |  1  2  3  4  5  6  7  8 |
---------------+-------------------------+-----
Conjurations   | 2 3 4 5 6 7 |  7.2
Air Magic      | 5 6 7 |  7.9
Spellcasting   | 3 4 |  4.7
Armour         | 1 |  1.0
Dodging        | 3 |  3.4
Short Blades   | |  0.9
Stealth        | |  2.0
Shields        | |  0.4

Action                   |  1- 3 |  4- 6 |  7- 9 || total
-------------------------+-------+-------+-------++-------
Melee: Dagger            |     7 |    17 |    16 ||    40
       Kick              |     3 |     3 |     4 ||    10
       Peck              |       |     3 |     4 ||     7
 Cast: Shock             |    66 |    60 |    64 ||   190
       Repel Missiles    |     1 |       |       ||     1
       Static Discharge  |       |    22 |    28 ||    50
       Lightning Bolt    |       |       |     2 ||     2
 Abil: Fly               |       |       |     2 ||     2
  Use: Scroll            |       |    12 |     1 ||    13
 Stab: Sleeping          |       |       |     1 ||     1
  Eat: Chunk             |     4 |    12 |     8 ||    24
Armor: Robe              |     2 |     6 |       ||     8
       Leather armour    |       |     1 |    17 ||    18
Dodge: Dodged            |     9 |    15 |    27 ||    51
       Deflected         |       |       |     2 ||     2

Vault maps used:
D:1:      erik_arrival_cave_to_civilisation, hangedman_abyss_or_decor_stabs
D:2:      kennysheep_the_goblin_king, hangedman_decor_push
D:3:      lemuel_round_altar, marbit_many_paths, serial_co_window_serial,
          co_window_paths_b, co_window_corner_a, co_window_of_opportunity_a,
          co_window_paths_a, co_window_cross_1, co_window_of_opportunity_c,
          co_window_2corner, co_window_unsneaky_path_b,
          co_window_unsneaky_path_b, co_window_broadway_b, co_window_2corner,
          glass_columns_c, glass_columns_b, glass_columns_a
D:4:      grunt_dithmenos_smoke_and_mirrors, kennysheep_mini, first_bread
D:5:      nicolae_overflow_hidden_temple, basic_altar
Temple:   zaba_magenta_temple
